 Dungeon Crawl Stone Soup version 0.18.1-50-g88ac8fd (webtiles) character file.

74 GrayLizard the Skirmisher (level 4, -1/37 HPs)
             Began as a Human Berserker on Mar 23, 2017.
             Was a Believer of Trog.
             Slain by Purgy (6 damage)
             ... on level 3 of the Dungeon.
             The game lasted 00:09:17 (1501 turns).

GrayLizard the Skirmisher (Human Berserker)         Turns: 1501, Time: 00:09:17

Health: -1/37      AC: 10    Str: 17    XL:     4   Next: 54%
Magic:  4/4        EV:  5    Int:  8    God:    Trog [**....]
Gold:   82         SH:  0    Dex: 13    Spells: 0 memorised, 3 levels left

rFire  x . .     SeeInvis .     a - +0 hand axe
rCold  + . .     Gourm    .     e - +0 plate armour
rNeg   . . .     Faith    .     (no shield)
rPois  .         Spirit   .     (no helmet)
rElec  .         Dismiss  .     (no cloak)
rCorr  .         Reflect  .     (no gloves)
SustAt .         Harm     .     (no boots)
MR     .....                    (no amulet)
Stlth  ..........               (no ring)
                                p - ring of ice

@: not resistant to hostile enchantments, extremely unstealthy
A: no striking features
a: Berserk, Trog's Hand, Burn Spellbooks, Renounce Religion


You were on level 3 of the Dungeon.
You worshipped Trog.
Trog was pleased with you.
You were not hungry.

You visited 1 branch of the dungeon, and saw 3 of its levels.

You collected 82 gold pieces.

Inventory:

Hand Weapons
 a - a +0 hand axe (weapon)
 r - a +1 vampiric trident
Armour
 b - a +0 animal skin
 e - a +0 plate armour (worn)
 m - a +0 chain mail
 o - a +0 scale mail
Jewellery
 p - a ring of ice (left hand)
Scrolls
 h - a scroll of remove curse {unknown}
 j - a scroll of magic mapping {unknown}
 l - 2 scrolls of noise {unknown}
Potions
 g - a potion of agility {unknown}
 k - a potion of degeneration {unknown}
 n - 2 potions of curing {unknown}
 q - a potion of haste {unknown}
Comestibles
 c - 3 bread rations
 d - a meat ration


   Skills:
 + Level 4.1 Fighting
 + Level 3.7 Axes
 - Level 2.0 Armour
 * Level 2.6 Dodging


You had 3 spell levels left.
You didn't know any spells.

Dungeon Overview and Level Annotations

Branches:
Dungeon (3/15)

Altars:

Annotations:
D:3 Purgy


Message History

The stone hits you but does no damage.
You hit the hobgoblin.
You kill the hobgoblin!
Trog accepts your kill.
You closely miss Purgy.
Purgy is lightly wounded.
Purgy bites you but does no damage. Purgy claws you but does no damage. x2
The goblin shoots a stone.
The stone hits you.
* * * LOW HITPOINT WARNING * * *
You see here 3 stones.
Purgy bites you but does no damage. Purgy claws you but does no damage. x2
Purgy bites you.
* * * LOW HITPOINT WARNING * * *
Purgy claws you but does no damage. x2
The bat barely misses you. The bat hits you but does no damage.
The bat hits you but does no damage. Purgy bites you.
* * * LOW HITPOINT WARNING * * *
Purgy claws you but does no damage. x2
The bat hits you but does no damage. Purgy bites you.
You die...

#..>.))....#
#........
#....#g#####
####'#...
#.....(..w.#
#......<
###+######.#
#....... ###.#
##....###
#.'.####### #'....#
#.#.......#####....#
#.#gT....<......####
#.#..@b...#####.#
#.###.....'....)#
#.# #.....#######
#.# #####.# #.. #.#
..# ###


You could see Purgy, a dart slug, a goblin and a bat.

Vanquished Creatures
  Robin (D:3)
  An adder (D:2)
  An ooze (D:2)
  A worm (D:2)
  3 dart slugs
  5 bats
  4 giant cockroaches
  11 goblins
  4 hobgoblins
  4 kobolds
  A rat (D:1)
36 creatures vanquished.

Notes
Turn   | Place    | Note
--------------------------------------------------------------
     0 | D:1      | GrayLizard the Human Berserker began the quest for the Orb.
     0 | D:1      | Reached XP level 1. HP: 18/18 MP: 1/1
   565 | D:2      | Reached XP level 2. HP: 24/24 MP: 2/2
   803 | D:2      | Reached XP level 3. HP: 29/29 MP: 3/3
  1235 | D:1      | Reached ** piety under Trog
  1253 | D:1      | Reached XP level 4. HP: 37/37 MP: 4/4
  1460 | D:3      | Noticed Purgy
  1462 | D:3      | Noticed Robin
  1469 | D:3      | Reached skill level 4 in Fighting
  1477 | D:3      | Killed Robin
  1501 | D:3      | Slain by Purgy

Skill      XL: |  1  2  3  4 |
---------------+-------------+-----
Fighting       | 4 |  4.1
Axes           | |  3.7
Armour         | |  2.0
Dodging        | |  2.6

Action                   |  1- 3 |  4- 6 || total
-------------------------+-------+-------++-------
Melee: Hand axe          |    82 |    28 ||   110
  Use: Scroll            |     1 |     1 ||     2
       Potion            |       |     2 ||     2
  Eat: Bread ration      |     1 |       ||     1
Armor: Plate armour      |    88 |    88 ||   176
Dodge: Dodged            |    38 |    24 ||    62
